 Dungeon Crawl Stone Soup version 0.31-a0-691-g409c26aa35 (webtiles) character file.

Game seed: 12333505449686650657

1903899 Midn8 the Conqueror (level 27, 224/224 HPs)
             Began as a Formicid Wanderer on Sept 6, 2023.
             Was the Champion of Hepliaklqana.
             Escaped with the Orb
             ... and 3 runes on Sept 7, 2023!
             The game lasted 02:52:14 (53569 turns).

Midn8 the Conqueror (Formicid Wanderer)            Turns: 53569, Time: 02:52:15

Health: 224/224    AC: 43    Str: 31    XL:     27
Magic:  30/30      EV: 15    Int:  8    God:    Hepliaklqana [******]
Gold:   6063       SH: 18    Dex: 19    Spells: 26/26 levels left

rFire   + + .        F - +7 executioner's axe (elec)
rCold   + + .        U - +2 kite shield {AC+3}
rNeg    . . .        t - +1 gold dragon scales
rPois   +            (helmet unavailable)
rElec   +            c - +2 cloak
rCorr   .            g - +1 pair of gloves {Str+3}
SInv    +            P - +2 pair of boots
Will    +++..        W - amulet "Fieng" {Will+ Regen+} Stlth
                     l - ring of Jeucoi Xischa {Ice rElec Str+6 Dex-3 SInv}
HPRegen 1.37/turn    n - ring "Fon Poih" {rF++ AC+4 Int-5 Dex+3}
MPRegen 0.22/turn

%: no passive effects
@: no status effects
A: reduced essence, permanent stasis, dig shafts and tunnels, antennae 3, four
strong arms, weak 1, evolution 1, inability to drink after injury 1, MP-powered
wands
0: Orb of Zot
}: 3/15 runes: decaying, serpentine, silver
a: Dig, Shaft Self, Renounce Religion, Recall Ancestor, Ancestor Identity,
Transference, Idealise


You escaped.
You worshipped Hepliaklqana.
Hepliaklqana was exalted by your worship.
You visited 10 branches of the dungeon, and saw 50 of its levels.
You visited 2 bazaars.
You also visited: Bailey and Desolation.

You collected 9179 gold pieces.
You spent 3116 gold pieces at shops.

Inventory:

Hand Weapons
 F - a +7 executioner's axe of electrocution (weapon)
Missiles
 v - 39 boomerangs
 H - 6 silver javelins
 I - 24 curare-tipped darts (quivered)
 K - 6 throwing nets
Armour
 c - a +2 cloak (worn)
 g - a +1 pair of gloves of strength (worn)
 t - +1 gold dragon scales (worn)
 P - a +2 pair of boots (worn)
 U - a +2 kite shield of protection (worn)
Jewellery
 b - a ring of protection from fire
 l - the ring of Jeucoi Xischa (left hand) {Ice rElec Str+6 Dex-3 SInv}
   (You took it off Josephina on level 2 of the Depths)

   [ring of ice]

   Ice:       It enhances your ice magic.
   Str+6:     It affects your strength (+6).
   Dex-3:     It affects your dexterity (-3).
   rF-:       It makes you vulnerable to fire.
   rC+:       It protects you from cold.
   rElec:     It insulates you from electricity.
   SInv:      It lets you see invisible.
 n - the ring "Fon Poih" (right hand) {rF++ AC+4 Int-5 Dex+3}
   (You took it off an imperial myrmidon in the Desolation of Salt)

   [ring of protection]

   AC+4:      It affects your AC (+4).
   Int-5:     It affects your intelligence (-5).
   Dex+3:     It affects your dexterity (+3).
   rF++:      It greatly protects you from fire.
 C - a +5 ring of evasion
 E - a ring of willpower
 W - the amulet "Fieng" (around neck) {Will+ Regen+}
   (You acquired it on level 8 of the Dungeon)

   [amulet of regeneration]

   Will+:     It increases your willpower.
   Regen+:    It increases your rate of health regeneration.
 Y - a ring of poison resistance
 Z - a +6 ring of strength
Wands
 a - a wand of mindburst (31)
 x - a wand of flame (180)
 y - a wand of light (34)
 z - a wand of digging (24)
 J - a wand of polymorph (41)
 M - a wand of paralysis (52)
 O - a wand of iceblast (24)
Scrolls
 d - 9 scrolls of fog
 h - 7 scrolls of immolation
 i - 4 scrolls of poison
 j - 31 scrolls of identify
 s - a scroll of butterflies
 w - 7 scrolls of fear
 D - 6 scrolls of silence
 L - 9 scrolls of vulnerability
Potions
 e - a potion of ambrosia
 f - 12 potions of might
 m - 31 potions of curing
 r - 8 potions of attraction
 A - 7 potions of mutation
 B - 3 potions of magic
 Q - 3 potions of invisibility
 R - 7 potions of enlightenment
 S - a potion of resistance
 T - 10 potions of heal wounds
 X - 6 potions of brilliance
Miscellaneous
 k - a tin of tremorstones (2/2)
 o - a phial of floods
 u - a phantom mirror
 G - a sack of spiders
 N - a lightning rod (4/4)


   Skills:
 O Level 27 Fighting
 + Level 24.2 Axes
 - Level 4.9 Ranged Weapons
 - Level 2.0 Throwing
 - Level 22.0 Armour
 - Level 15.0 Dodging
 - Level 1.2 Stealth
 - Level 20.0 Shields
 - Level 10.0 Invocations
 - Level 18.0 Evocations


You had 26 spell levels left.
You didn't know any spells.
Your spell library contained the following spells:

 Spells                   Type           Power      Damage    Failure   Level
 Apportation              Tloc           0%         N/A       99%         1
 Foxfire                  Conj/Fire      0%         2x1d4     99%         1
 Kiss of Death            Conj/Necr      0%         2d5       99%         1
 Magic Dart               Conj           0%         1d3       99%         1
 Necrotise                Necr           0%         1d4       99%         1
 Sandblast                Erth           0%         2d4       99%         1
 Shock                    Conj/Air       0%         1d3       99%         1
 Slow                     Hex            0%         N/A       99%         1
 Sting                    Tmut/Pois      0%         1d3       99%         1
 Summon Small Mammal      Summ           0%         N/A       99%         1
 Call Imp                 Summ           0%         N/A       99%         2
 Cigotuvi's Dreadful Rot  Necr/Pois/Air  0%         N/A       99%         2
 Ensorcelled Hibernation  Hex/Ice        0%         N/A       99%         2
 Lesser Beckoning         Tloc           0%         N/A       99%         2
 Momentum Strike          Conj/Tloc      0%         3d8       99%         2
 Passwall                 Tmut/Erth      0%         N/A       99%         2
 Poisonous Vapours        Pois/Air       0%         N/A       99%         2
 Scorch                   Fire           0%         2d5       99%         2
 Static Discharge         Conj/Air       0%         2-2/arc   99%         2
 Sublimation of Blood     Necr           0%         N/A       99%         2
 Call Canine Familiar     Summ           0%         N/A       100%        3
 Confusing Touch          Hex            0%         N/A       100%        3
 Dazzling Flash           Conj/Hex       0%         N/A       100%        3
 Gell's Gravitas          Tloc           0%         N/A       100%        3
 Ignite Poison            Fire/Tmut/Pois 0%         N/A       100%        3
 Mephitic Cloud           Conj/Pois/Air  0%         N/A       100%        3
 Ozocubu's Armour         Ice            0%         N/A       100%        3
 Portal Projectile        Hex/Tloc       0%         N/A       100%        3
 Stone Arrow              Conj/Erth      0%         3d7       100%        3
 Summon Guardian Golem    Hex/Summ       0%         N/A       100%        3
 Tukima's Dance           Hex            0%         N/A       100%        3
 Vampiric Draining        Necr           0%         2d6       100%        3
 Airstrike                Air            0%         2d(0-16)  100%        4
 Animate Armour           Summ/Erth      0%         N/A       100%        4
 Animate Dead             Necr           0%         N/A       100%        4
 Dispel Undead            Necr           0%         3d6       100%        4
 Flame Wave               Conj/Fire      0%         2d4       100%        4
 Leda's Liquefaction      Hex/Erth       0%         N/A       100%        4
 Manifold Assault         Tloc           0%         N/A       100%        4
 Olgreb's Toxic Radiance  Pois           0%         N/A       100%        4
 Passage of Golubria      Tloc           0%         N/A       100%        4
 Petrify                  Tmut/Erth      0%         N/A       100%        4
 Sticky Flame             Conj/Fire      0%         2d3       100%        4
 Summon Ice Beast         Ice/Summ       0%         N/A       100%        4
 Summon Lightning Spire   Summ/Air       0%         N/A       100%        4
 Agony                    Necr           0%         N/A       100%        5
 Arcjolt                  Conj/Air       0%         1d10      100%        5
 Borgnjor's Vile Clutch   Necr/Erth      0%         N/A       100%        5
 Fireball                 Conj/Fire      0%         3d3       100%        5
 Irradiate                Conj/Tmut      0%         3d11      100%        5
 Iskenderun's Battlesphe  Conj           0%         2d6       100%        5
 Lee's Rapid Deconstruct  Erth           0%         3d4*      100%        5
 Metabolic Englaciation   Hex/Ice        0%         N/A       100%        5
 Summon Forest            Summ/Tloc      0%         N/A       100%        5
 Summon Mana Viper        Hex/Summ       0%         N/A       100%        5
 Yara's Violent Unravell  Hex/Tmut       0%         3d3       100%        5
 Conjure Ball Lightning   Conj/Air       0%         3x3d6     100%        6
 Death Channel            Necr           0%         N/A       100%        6
 Leda's Unmaking          Conj/Erth      0%         9d1       100%        6
 Plasma Beam              Fire/Air       0%         2x1d10    100%        6
 Simulacrum               Ice/Necr       0%         N/A       100%        6
 Starburst                Conj/Fire      0%         6d3       100%        6
 Summon Cactus Giant      Summ           0%         N/A       100%        6
 Monstrous Menagerie      Summ           0%         N/A       100%        7
 Orb of Destruction       Conj           0%         9d5       100%        7
 Ozocubu's Refrigeration  Ice            0%         4d7       100%        7
 Borgnjor's Revivificati  Necr           0%         N/A       100%        8
 Discord                  Hex            0%         N/A       100%        8
 Disjunction              Tloc           0%         N/A       100%        8
 Ignition                 Fire           0%         3d3       100%        8
 Lehudib's Crystal Spear  Conj/Erth      0%         10d2      100%        8
 Maxwell's Capacitive Co  Air            0%         ∞         100%        8
 Fire Storm               Conj/Fire      0%         5d1       100%        9
 Polar Vortex             Ice            0%         N/A       100%        9
 Shatter                  Erth           0%         3d5*      100%        9
 Blink                    Tloc           Unusable   N/A       N/A         2
 Swiftness                Air            Unusable   N/A       N/A         3
 Vhi's Electric Charge    Tloc/Air       Unusable   N/A       N/A         4

Dungeon Overview and Level Annotations

Branches:
Dungeon (15/15)            Temple (0/1) D:6            Lair (5/5) D:8
  Swamp (4/4) Lair:2        Snake (4/4) Lair:2        Slime (0/5) Lair:5
    Orc (2/2) D:10            Elf (3/3) Orc:2        Vaults (5/5) D:14
  Crypt (3/3) Vaults:3       Tomb (0/3) Crypt:3      Depths (4/4) D:15
    Zot (5/5) Depths:4     Bailey (visited)         Desolation (visited)

Altars:
Cheibriados
Elyvilon
Fedhas
Gozag
Hepliaklqana
Kikubaaqudgha
Qazlal
Ru
Sif Muna
Wu Jian
Xom
Yredelemnul
The Shining One
Jiyva
Lugonu

Shops:
D:3 *   D:7 (   Orc:1 !   Orc:2 ([!:   Vaults:3 =   Vaults:5 [[**=   Depths:4 [

Portals:
Hell: Depths:1 Depths:2 Depths:3 Depths:4
Abyss: Depths:1 Depths:3 Depths:4
Pandemonium: Depths:1 Depths:2 Depths:3
Ziggurat: Depths:2

Annotations:
D:15 Roxanne
Swamp:4 2 transporters, Hi5aMiFi's ghost, adept TrSh
Elf:2 5 runed translucent doors
Zot:3 Ygyeth Femmu's ghost, veteran MiBe


Innate Abilities, Weirdness & Mutations

Your life essence is reduced to manifest your ancestor. (-10% HP)
You cannot be hasted, slowed, berserked, paralysed or teleported.
You can dig through walls and to a lower floor.
You have a pair of large antennae on your head. (SInv)
Your four strong arms can wield two-handed weapons with a shield.
You are weak. (Str -2)
You have hidden genetic potential.
You occasionally lose the ability to drink potions when taking damage.
You expend magic power (3 MP) to strengthen your wands.


Message History

You slash the cacodemon!
The cacodemon is lightly wounded.
You miss the sixfirhy. You slice the orange demon!!
You kill the orange demon!
Natalie barely misses the sixfirhy.
You block the orange demon's attack. You block the cacodemon's attack.
The cacodemon hits you but does no damage.
You open the cacodemon like a pillowcase!!!
The cacodemon is severely wounded.
You closely miss the sixfirhy. You block the sixfirhy's attack.
The sixfirhy hits you but does no damage.
Natalie gestures at the cacodemon while chanting.
The bolt of magma hits the sixfirhy!!!
The sixfirhy dies!
The bolt of magma misses the cacodemon.
The orange demon misses you.
The cacodemon hits you but does no damage.
The cacodemon hits you.
You hit the cacodemon.
The cacodemon is severely wounded.
Unknown command.
You carve the cacodemon like a ham!!!
You kill the cacodemon!
Natalie casts a spell at the orange demon.
The crystal spear hits the orange demon!!!
Unknown command.
You hit the orange demon.
The orange demon is almost dead.
The orange demon closely misses you. The orange demon barely misses you.
Natalie hits the orange demon with a +0 lajatang of freezing!!!
Natalie freezes the orange demon.
The orange demon dies!
(D) Dungeon (T) Temple (L) Lair (S) Swamp (P) Snake Pit (M) Slime Pits (O) Orcish Mines (E) Elven Halls (V) Vaults (C) Crypt (W) Tomb (U) Depths (H) Hell (Z) Zot
Where to? (Tab/Enter - D:1 @ (x,y), ? - help) HP restored.
An Ice Fiend comes into view.
There is a staircase leading out of the dungeon here.
You have escaped!

#)...##.# ##..P.P...###.#.######
#.##.##.# #.P#~#P..# #....†...+
####.##.#####.##~##..# ###.######
..........##..~~~~~..# #.# #
######..####..##~##.1# ###.# ####
#......## #..P#~#P.## #...# #...
.....### #...P.P..# #...# #...
.###.# #####........# #...# #.^.
.# #.# #.......R@...# #...# #...
'###.# #............####...# #...
...#.# #.......P.P..#......# #...
.....###......P#~#P.#.####.# #...
..............##~##.#.####.###...
..###..#####..~~~~~.#............
..# ##...# #..##~##.#.####.......
..# ###.# #..P#~#P.#.# #.#####.
### #.# #...P.P....# #.##....


You could see the friendly Natalie the battlemage (fast) and an Ice Fiend (ally
target).

Vanquished Creatures
  4 dread liches (Zot:5)
  3 ancient liches
  3 orbs of fire (Zot:5)
  Mara (Swamp:3)
  Josephina (Depths:2)
  A Killer Klown (Zot:5)
  2 curse toes (Zot:4)
  6 golden dragons
  Nikola (Snake:3)
  A bone dragon (Crypt:3)
  2 profane servitors
  A Brimstone Fiend (D:13)
  2 electric golems (Zot:5)
  A pandemonium lord (Depths:4)
  11 tentacled monstrosities
  2 liches
  10 Orb Guardians (Zot:5)
  A walking frostbound tome (Depths:2)
  3 quicksilver dragons
  2 deep elf blademasters (Elf:3)
  A titan (Vaults:5)
  3 sphinxes
  9 acid blobs
  2 ancient champions (Crypt:2)
  2 death cobs (Zot:5)
  3 thorn hunters
  9 storm dragons
  Aizul (Snake:1)
  4 tengu reavers
  3 draconian monks (Zot:5)
  The ghost of freelancePsychic the Warrior, a journeyman MiCj of the Shining One (Swamp:1)
  3 fenstrider witches
  3 shadow dragons
  2 rockslimes (Depths:2)
  A daeva (D:8)
  2 draconian knights
  An azure jelly (Depths:2)
  6 draconian scorchers
  4 nagarajas
  3 fire giants
  Louise (Depths:3)
  4 deep elf sorcerers (Elf:3)
  2 imperial myrmidons (Desolation)
  11 vault wardens
  3 draconian shifters
  2 balrugs
  4 frost giants
  4 deep elf elementalists (Elf:3)
  A curse skull (Crypt:2)
  4 ghouls
  3 draconian stormcallers
  2 formless jellyfish
  2 quicksilver oozes (Depths:2)
  A cacodemon (D:1)
  A spriggan defender (Depths:3)
  3 draconian annihilators
  17 stone giants
  16 ironbound preservers
  4 orc warlords
  13 very ugly things
  A quicksilver ooze (shapeshifter) (Depths:2)
  5 vampire knights
  4 deep elf demonologists (Elf:3)
  An ironbound thunderhulk (Vaults:1)
  11 yellow draconians
  3 eleionomae
  3 green draconians
  A halazid warlock (Desolation)
  3 white draconians
  3 black draconians (Zot:5)
  5 bunyips
  6 deep elf annihilators
  A dire elephant (Vaults:4)
  7 spark wasps
  2 red draconians (Zot:5)
  The ghost of Qyfodeck the Covert, a journeyman NaSh of Uskayaw (Lair:5)
  4 purple draconians
  2 blizzard demons
  8 deep elf death magi
  7 ettins
  12 jiangshi
  An entropy weaver (Vaults:1)
  6 fire dragons
  2 deep elf high priests
  10 great orbs of eyes
  19 yaktaur captains
  An ice dragon (Depths:2)
  4 peacekeepers (Desolation)
  4 ragged hierophants (Desolation)
  A salamander tyrant (Snake:2)
  25 vault guards
  6 alligators
  9 centaur warriors
  3 hydras (Lair:5)
  5 spriggan air magi
  A ghost crab (Swamp:1)
  7 ironbound frosthearts
  2 hell beasts
  3 ogre magi (Vaults:5)
  6 two-headed ogres
  A death scarab (Crypt:1)
  Erica (D:8)
  4 anacondas
  2 death knights (Crypt:3)
  5 boulder beetles
  3 deep troll shamans
  2 orc high priests (Orc:2)
  2 vampire magi
  A deep troll earth mage (Depths:4)
  5 spriggan berserkers
  12 naga warriors
  10 naga sharpshooters
  A demonic crawler (Zot:5)
  11 dancing weapons
  4 tengu warriors
  9 shock serpents
  10 hell knights
  A shadow wraith (Crypt:3)
  4 sun demons
  11 deep elf knights
  17 skeletal warriors
  2 sixfirhies
  2 skysharks
  A spectral bunyip (Crypt:3)
  A bunyip zombie (Swamp:4)
  3 salamander mystics
  4 goliath frogs
  10 sea snakes
  A spriggan rider (Depths:3)
  37 deep trolls
  4 spriggan druids
  A death drake (Swamp:4)
  2 swamp dragons (Swamp:4)
  An anaconda zombie (Crypt:3)
  5 lindwurms
  3 flayed ghosts
  4 glowing orange brains
  3 deep elf archers (Elf:1)
  13 ironbound convokers
  6 wizards
  An orc knight (Orc:1)
  3 bog bodies
  4 naga ritualists
  6 phantasmal warriors
  6 mana vipers
  9 deep elf pyromancers
  2 alligator zombies (Swamp:4)
  12 deep elf zephyrmancers
  An iron dragon zombie (Crypt:2)
  An oklob plant (Zot:4)
  3 orc sorcerers
  6 necromancers
  8 salamanders
  5 cyclopes
  10 elephants (Lair:5)
  A shining eye (Depths:2)
  A will-o-the-wisp (Swamp:4)
  25 ugly things
  5 moths of wrath
  A fire giant zombie (D:15)
  6 guardian serpents
  10 vault sentinels
  A stone giant skeleton (D:15)
  A dire elephant zombie (Crypt:2)
  An elephant (shapeshifter) (Vaults:5)
  21 black mambas
  2 rust devils
  2 torpor snails
  2 gargoyles
  A smoke demon (Depths:2)
  10 naga magi
  2 orange demons
  7 cane toads
  Maggie (D:8)
  2 rime drakes
  4 efreet
  25 yaktaurs
  4 komodo dragons
  4 freezing wraiths
  2 kobold demonologists
  A tormentor (Zot:5)
  3 tengu conjurers
  A guardian mummy (Crypt:1)
  2 red devils
  3 polar bears (Lair:5)
  3 hellwings
  8 trolls
  A harpy zombie (Crypt:2)
  2 meliai (D:13)
  29 saltlings
  A shadow dragon simulacrum (Depths:2)
  Prince Ribbit (Bailey)
  14 hornets
  A raiju (shapeshifter) (D:15)
  A tyrant leech (Swamp:1)
  A dream sheep (Lair:5)
  4 blink frogs
  A frost giant simulacrum (Depths:2)
  11 slime creatures
  2 air elementals (Elf:3)
  38 flying skulls
  A jumping spider (shapeshifter) (Depths:3)
  Sigmund (D:6)
  A large abomination (Crypt:3)
  3 shadows
  13 spriggans
  3 water elementals (Elf:3)
  A vampire (D:10)
  5 wyverns
  A ynoxinul (Depths:2)
  4 fire elementals
  20 yaks
  7 wraiths
  Eustachio (D:6)
  4 golden eyes (Depths:2)
  5 basilisks
  9 vampire mosquitoes
  2 humans (Bailey)
  3 neqoxecs (Swamp:4)
  Grum (D:8)
  2 redbacks
  2 chaos spawn (Swamp:4)
  3 hogs (Swamp:3)
  A glowing shapeshifter zombie (D:15)
  32 nagas
  10 swamp worms
  5 wargs
  4 acid dragons
  A floating eye (Depths:1)
  8 water moccasins
  A water nymph skeleton (Crypt:2)
  2 swamp drakes
  40 orc warriors
  An ice beast (D:6)
  4 black bears
  4 boggarts
  25 wolves
  10 centaurs
  4 ogres
  2 kobold brigands
  Blork the orc (Orc:1)
  5 earth elementals
  6 necrophages
  A gnoll sergeant (D:10)
  A scorpion (D:3)
  16 bullfrogs
  A scorpion (shapeshifter) (Vaults:5)
  5 wights
  A swamp dragon simulacrum (Swamp:4)
  2 killer bees (D:8)
  A shapeshifter zombie (Crypt:2)
  2 electric eels
  11 howler monkeys
  A spriggan skeleton (Crypt:1)
  A crimson imp (Orc:1)
  A wolf skeleton (Crypt:2)
  19 orc priests
  3 gnoll boudas
  16 jellies
  8 hounds
  A human zombie (Crypt:1)
  A bullfrog skeleton (Crypt:2)
  Jessica (D:2)
  4 iguanas
  3 sleepcaps
  A human skeleton (Crypt:2)
  22 orc wizards
  2 small abominations
  4 mummies (Crypt:1)
  Robin (D:4)
  10 gnolls
  A swamp drake zombie (Crypt:2)
  10 adders
  5 shadow imps (D:7)
  2 white imps
  4 ufetubi
  4 worms
  2 dart slugs (D:1)
  80 orcs
  5 bats
  A bat zombie (Crypt:1)
  9 endoplasms
  5 giant cockroaches
  10 hobgoblins
  2 jackals (D:5)
  2 quokkas
  11 ball pythons
  3 frilled lizards
  19 goblins
  14 kobolds
  4 rats
1580 creatures vanquished.

Vanquished Creatures (collateral kills)
  Vashnia (Snake:2)
  A Killer Klown (Zot:5)
  A bone dragon (Depths:4)
  6 golden dragons
  A Brimstone Fiend (D:6)
  4 tentacled monstrosities
  9 Orb Guardians
  2 electric golems
  An Ice Fiend (D:14)
  3 liches
  Asterion (Vaults:2)
  A quicksilver dragon (Depths:2)
  2 acid blobs (Zot:4)
  2 titans (Vaults:5)
  2 deep elf master archers (Elf:3)
  2 ancient champions
  4 sphinxes
  A death cob (Zot:3)
  4 tengu reavers
  Kirke (Swamp:3)
  A thorn hunter (Swamp:3)
  2 shadow dragons
  A draconian monk (Zot:4)
  A revenant (Crypt:3)
  An azure jelly (Depths:2)
  4 storm dragons
  2 fenstrider witches (Swamp:4)
  2 deep elf sorcerers (Vaults:5)
  2 fire giants
  An imperial myrmidon (Desolation)
  5 vault wardens
  An iron dragon (Depths:2)
  3 draconian scorchers
  2 frost giants (Depths:3)
  A deep elf elementalist (Elf:3)
  2 draconian shifters
  2 ghost moths (Zot:5)
  3 ghouls
  2 spriggan defenders (Depths:2)
  8 stone giants
  An orc warlord (Vaults:1)
  6 ironbound preservers
  A war gargoyle (Vaults:5)
  A draconian annihilator (Zot:5)
  4 green draconians
  3 formless jellyfish
  3 ironbound thunderhulks
  2 vampire knights
  9 very ugly things
  3 quicksilver oozes (Depths:2)
  2 deep elf demonologists (Vaults:5)
  A black draconian (Depths:4)
  3 deep elf annihilators (Elf:3)
  10 yellow draconians
  2 white draconians
  2 spark wasps
  4 red draconians
  A bunyip (Swamp:1)
  An eidolon (Crypt:1)
  A blizzard demon (Swamp:4)
  4 deep elf death magi
  2 ettins (Vaults:5)
  3 fire dragons (Depths:4)
  A crystal guardian (Desolation)
  4 jiangshi
  2 deep elf high priests
  An entropy weaver (Vaults:3)
  2 ragged hierophants (Desolation)
  2 yaktaur captains
  3 great orbs of eyes
  Harold (Lair:2)
  A shambling mangrove (Swamp:4)
  3 ice dragons
  8 peacekeepers (Desolation)
  7 hydras
  3 ironbound frosthearts
  4 anacondas
  2 ogre magi (Swamp:4)
  3 servants of whispers
  3 death knights
  2 alligators
  A fenstrider witch skeleton (Crypt:1)
  7 centaur warriors
  9 vault guards
  A catoblepas (Lair:4)
  A boulder beetle (D:15)
  6 two-headed ogres
  A death yak (Lair:2)
  A dancing weapon (Elf:2)
  2 deep troll earth magi
  3 hell knights
  2 orc high priests
  4 vampire magi
  9 naga sharpshooters
  4 naga warriors
  4 spriggan berserkers
  A storm dragon zombie (Crypt:1)
  A skyshark (Lair:5)
  2 iron trolls
  A deep elf knight (Elf:2)
  A sixfirhy (D:1)
  14 skeletal warriors
  A bunyip zombie (Swamp:4)
  2 shadow wraiths
  A salamander mystic (Snake:2)
  A goliath frog (Swamp:2)
  A large abomination (Crypt:3)
  A swamp dragon (Swamp:1)
  3 sea snakes
  3 glowing orange brains
  A lindwurm (Vaults:4)
  4 flayed ghosts
  3 spriggan druids
  10 deep trolls
  2 deep elf archers
  A shadow dragon zombie (Crypt:2)
  5 bog bodies
  An orange crystal statue (Zot:5)
  5 ironbound convokers
  5 wizards
  A spriggan simulacrum (Crypt:3)
  5 orc knights
  12 deep elf pyromancers
  2 necromancers
  3 will-o-the-wisps
  8 phantasmal warriors
  5 deep elf zephyrmancers
  15 ugly things
  2 oklob plants (Zot:4)
  A shadow dragon skeleton (D:15)
  3 alligator zombies (Swamp:4)
  A wolf spider (shapeshifter) (Vaults:1)
  4 cyclopes
  A manticore (shapeshifter) (Vaults:5)
  2 manticores (D:14)
  An elephant (Lair:5)
  2 moths of wrath
  7 guardian serpents
  5 salamanders
  8 vault sentinels
  15 black mambas
  A centaur zombie (Crypt:1)
  9 naga magi
  2 orange demons
  An alligator snapping turtle zombie (Crypt:1)
  3 cane toads (Lair:5)
  A naga skeleton (Crypt:1)
  2 hellions
  A gargoyle (D:10)
  Psyche (D:8)
  4 komodo dragons
  6 freezing wraiths
  3 tengu conjurers
  2 red devils
  8 yaktaurs
  3 ice devils
  3 trolls
  A polar bear (Lair:5)
  A polar bear (shapeshifter) (Elf:1)
  A bloated husk (Swamp:4)
  2 meliai
  2 hellwings
  An alligator simulacrum (Swamp:4)
  10 hornets
  7 tyrant leeches
  6 blink frogs
  15 saltlings (Desolation)
  4 slime creatures
  A water elemental (Elf:3)
  16 spriggans
  2 wraiths
  3 shadows
  20 flying skulls
  A wyvern (Lair:4)
  A ynoxinul (Depths:1)
  A fire elemental (Elf:1)
  A basilisk (D:15)
  6 yaks
  3 hogs (Swamp:3)
  3 chaos spawn
  A steam dragon (D:8)
  A golden eye (Depths:2)
  3 redbacks
  5 vampire mosquitoes
  5 wargs
  8 nagas
  4 swamp worms
  A small abomination (Crypt:3)
  5 water moccasins
  11 orc warriors
  A swamp drake (Swamp:2)
  An ice beast (D:7)
  2 swamp dragon zombies (Swamp:4)
  13 wolves
  5 boggarts
  4 centaurs
  A tengu (shapeshifter) (Elf:2)
  A kobold brigand (D:8)
  4 bullfrogs
  2 necrophages (Crypt:3)
  3 earth elementals
  3 killer bees (D:8)
  6 howler monkeys
  3 electric eels
  7 jellies
  A gnoll bouda (D:10)
  A bullfrog skeleton (Crypt:1)
  A human zombie (Crypt:1)
  4 orc priests
  An iron imp (Orc:1)
  A sleepcap (D:8)
  12 orc wizards
  3 human skeletons (Crypt:1)
  A mummy (Crypt:1)
  5 gnolls
  31 orcs
  A bat zombie (Crypt:2)
  7 kobolds
  A hobgoblin zombie (Crypt:2)
  A kobold zombie (Crypt:1)
  2 river rat skeletons
775 creatures vanquished.

Vanquished Creatures (others)
  A walking crystal tome (Depths:3)
  A fire giant (Vaults:5)
  A naga warrior (Snake:2)
  A lindwurm (shapeshifter) (Vaults:5)
  A yaktaur (Vaults:5)
  A golden dragon simulacrum (Depths:2)
  A spriggan (Swamp:1)
  A spriggan simulacrum (Depths:2)
  2 orc warriors (Orc:1)
  36 battlemagi
  An orc wizard (Orc:1)
  9 ancestors
  A shadow imp (Orc:1)
  2 orcs (Orc:1)
  19 foxfires
78 creatures vanquished.

Grand Total: 2433 creatures vanquished

Notes
Turn   | Place    | Note
-------+----------+-------------------------------------------
     0 | D:1      | Midn8 the Formicid Wanderer began the quest for the Orb.
     0 | D:1      | Midn8 set off with the following items: a +0 hand axe, a
                  | wand of flame (15), a +0 cloak, a scroll of fog, a +0
                  | leather armour.
     0 | D:1      | Reached XP level 1. HP: 15/15 MP: 1/1
   169 | D:1      | Reached XP level 2. HP: 17/21 MP: 2/2
   676 | D:1      | Reached XP level 3. HP: 25/26 MP: 3/3
   792 | D:2      | Identified the +0 leather armour of Cenoo {rN+ rCorr}
   876 | D:2      | Identified the amulet of Giahetip {Faith rN+ Str+2}
  1254 | D:2      | Reached XP level 4. HP: 32/32 MP: 4/4
  1255 | D:2      | Noticed Jessica
  1264 | D:2      | Killed Jessica
  1265 | D:2      | Reached skill level 5 in Axes
  1371 | D:3      | Found Laoqopt's Assorted Antiques.
  1385 | D:3      | Bought a scroll labelled GUMMIT XANUOW for 27 gold pieces
  1445 | D:3      | Found an ancient bone altar of Kikubaaqudgha.
  1523 | D:3      | Reached XP level 5. HP: 37/37 MP: 5/5
  2025 | D:3      | Reached skill level 2 in Fighting
  2025 | D:3      | Reached XP level 6. HP: 44/44 MP: 6/6
  2260 | D:4      | Reached skill level 3 in Fighting
  2278 | D:4      | Identified the +7 sling of Bodily Harmony {flame, rC+
                  | Int+3}
  2364 | D:4      | Reached skill level 4 in Fighting
  2414 | D:4      | Noticed Robin
  2421 | D:4      | Killed Robin
  2877 | D:4      | Reached XP level 7. HP: 31/54 MP: 7/7
  3322 | D:5      | Entered Level 5 of the Dungeon
  3846 | D:5      | Reached XP level 8. HP: 42/60 MP: 8/8
  4574 | D:6      | Found a hazy altar of Hepliaklqana.
  4574 | D:6      | Noticed Sigmund
  4705 | D:6      | Killed Sigmund
  4706 | D:6      | Reached skill level 5 in Fighting
  4706 | D:6      | Reached XP level 9. HP: 66/69 MP: 9/9
  4752 | D:6      | Noticed Eustachio
  4765 | D:6      | Killed Eustachio
  4766 | D:6      | Reached skill level 6 in Fighting
  4841 | D:6      | Became a worshipper of Hepliaklqana the Forgotten
  5301 | D:6      | Found a staircase to the Ecumenical Temple.
  5741 | D:6      | Reached skill level 10 in Axes
  6305 | D:7      | Found Voeplugh's Weapon Boutique.
  6314 | D:7      | Reached * piety under Hepliaklqana
  6335 | D:7      | Reached skill level 7 in Fighting
  6650 | D:8      | Found a flagged portal.
  6667 | Bailey   | Entered a bailey
  6693 | Bailey   | Reached skill level 8 in Fighting
  6693 | Bailey   | Reached XP level 10. HP: 57/72 MP: 8/10
  6765 | Bailey   | HP: 2/72 [human/+0 war axe (6)]
  7199 | Bailey   | Noticed Prince Ribbit
  7200 | Bailey   | Noticed a vault guard
  7217 | Bailey   | Killed a vault guard
  7226 | Bailey   | Killed Prince Ribbit
  7343 | Bailey   | Noticed a vault guard
  7369 | Bailey   | Killed a vault guard
  7370 | Bailey   | Reached skill level 9 in Fighting
  7609 | D:8      | Noticed Grum
  7620 | D:8      | You fall into a shaft and drop 3 floors!
  7742 | D:11     | Noticed a boulder beetle
  7802 | D:11     | Killed a boulder beetle
  7803 | D:11     | Reached skill level 10 in Fighting
  7803 | D:11     | Reached XP level 11. HP: 65/81 MP: 11/11
  8511 | D:11     | Noticed a two-headed ogre
  8619 | D:11     | Killed a two-headed ogre
  8792 | D:11     | Identified the +7 falchion of Integrity {heavy, rC+ Str+3}
  8862 | D:11     | Reached ** piety under Hepliaklqana
  8863 | D:11     | Remembered your ancestor Natalie as a battlemage
  9040 | D:11     | Found an opulent altar of Gozag.
  9053 | D:10     | Entered Level 10 of the Dungeon
  9066 | D:10     | Found a staircase to the Orcish Mines.
  9068 | D:10     | Found a blossoming altar of Fedhas.
  9071 | D:10     | Found a snail-covered altar of Cheibriados.
  9073 | D:10     | Found an opulent altar of Gozag.
  9073 | D:10     | Found a white marble altar of Elyvilon.
  9075 | D:10     | Found a glowing golden altar of the Shining One.
  9075 | D:10     | Found a shimmering altar of Xom.
  9076 | D:10     | Found a sacrificial altar of Ru.
  9152 | D:8      | Killed Grum
  9332 | D:8      | Found a staircase to the Lair.
  9474 | D:8      | Noticed Maggie
  9482 | D:8      | Killed Maggie
  9543 | D:8      | Noticed Psyche
  9547 | D:8      | Killed Psyche
  9736 | D:8      | Noticed Erica
  9750 | D:8      | Killed Erica
  9775 | D:8      | Noticed a cyclops
  9776 | D:8      | Noticed a centaur warrior
  9785 | D:8      | Killed a centaur warrior
  9785 | D:8      | Killed a cyclops
  9786 | D:8      | Reached skill level 5 in Armour
  9786 | D:8      | Reached XP level 12. HP: 62/87 MP: 12/12
 10015 | D:8      | Noticed a centaur warrior
 10028 | D:8      | Killed a centaur warrior
 10201 | D:8      | Reached skill level 15 in Axes
 10444 | D:8      | Reached *** piety under Hepliaklqana
 10475 | D:8      | Identified 2 scrolls of acquirement
 10475 | D:8      | Acquired the amulet "Fieng" {Will+ Regen+}
 11475 | D:9      | Noticed a two-headed ogre
 11493 | D:9      | Killed a two-headed ogre
 11494 | D:9      | Reached skill level 11 in Fighting
 11734 | D:9      | Noticed a two-headed ogre
 11739 | D:9      | Killed a two-headed ogre
 11745 | D:9      | Identified the +4 arbalest of Kindness {drain, *Slow rElec
                  | rF+++ rC+}
 12153 | D:10     | Reached XP level 13. HP: 84/96 MP: 13/13
 12228 | D:10     | Reached skill level 12 in Fighting
 12425 | D:10     | Acquired 795 gold pieces
 12427 | D:10     | Acquired a +1 executioner's axe of pain
 12651 | D:10     | Reached **** piety under Hepliaklqana
 12804 | D:10     | Found a shimmering blue altar of Sif Muna.
 13127 | D:11     | Reached skill level 1 in Invocations
 13748 | D:12     | Got Cerebov's Cyclopedia of Bolts
 13843 | D:12     | Reached ***** piety under Hepliaklqana
 13960 | D:12     | Reached skill level 5 in Invocations
 14241 | Lair:1   | Entered Level 1 of the Lair of Beasts
 15162 | Lair:2   | Found a staircase to the Snake Pit.
 15503 | Lair:2   | Noticed Harold
 15512 | Lair:2   | Killed Harold
 15905 | Lair:2   | Found a staircase to the Swamp.
 16103 | Lair:2   | Reached XP level 14. HP: 100/103 MP: 17/17
 17398 | Lair:3   | Reached skill level 13 in Fighting
 17485 | Lair:4   | Reached ****** piety under Hepliaklqana
 18063 | Lair:5   | Entered Level 5 of the Lair of Beasts
 18147 | Lair:5   | Reached skill level 14 in Fighting
 18659 | Lair:5   | Reached skill level 15 in Fighting
 18663 | Lair:5   | Reached skill level 1 in Shields
 18716 | Lair:5   | Found a viscous altar of Jiyva.
 18933 | Lair:5   | Found a staircase to the Slime Pits.
 18984 | Lair:5   | Found a runed translucent door.
 19069 | Lair:5   | Noticed Qyfodeck's ghost (journeyman NaSh)
 19083 | Lair:5   | Reached skill level 5 in Shields
 19144 | Lair:5   | Killed Qyfodeck's ghost
 19201 | Lair:5   | Reached XP level 15. HP: 116/116 MP: 18/18
 19685 | Lair:5   | Reached skill level 10 in Shields
 21631 | Orc:1    | Entered Level 1 of the Orcish Mines
 21631 | Orc:1    | Noticed an orc warlord
 21631 | Orc:1    | Found Xecel's Distillery.
 21645 | Orc:1    | Killed an orc warlord
 21669 | Orc:1    | Bought a potion of heal wounds for 75 gold pieces
 21669 | Orc:1    | Bought a potion of enlightenment for 75 gold pieces
 21669 | Orc:1    | Bought a potion of mutation for 120 gold pieces
 21705 | Orc:1    | Noticed an orc warlord
 21712 | Orc:1    | Noticed Blork the orc
 21723 | Orc:1    | Killed an orc warlord
 21736 | Orc:1    | Killed Blork the orc
 21907 | Orc:1    | Identified the +0 hat "Ikkiellau" {rF+}
 22029 | Orc:2    | Entered Level 2 of the Orcish Mines
 22101 | Orc:2    | Found a staircase to the Elven Halls.
 22318 | Orc:2    | Noticed an orc warlord
 22324 | Orc:2    | Killed an orc warlord
 22367 | Orc:2    | Reached XP level 16. HP: 115/116 MP: 19/19
 22449 | Orc:2    | Found Waqa's Distillery.
 22457 | Orc:2    | Bought a potion of curing for 42 gold pieces
 22457 | Orc:2    | Bought a potion of curing for 42 gold pieces
 22457 | Orc:2    | Bought a potion of might for 56 gold pieces
 22457 | Orc:2    | Bought a potion of curing for 42 gold pieces
 22457 | Orc:2    | Bought 2 potions of enlightenment for 140 gold pieces
 22457 | Orc:2    | Bought a potion of heal wounds for 70 gold pieces
 22457 | Orc:2    | Gained mutation: You have hidden genetic defects. [potion
                  | of mutation]
 22457 | Orc:2    | Gained mutation: Your body sometimes deteriorates upon
                  | taking damage. [potion of mutation]
 22457 | Orc:2    | Gained mutation: You are agile. (Dex +4, Str/Int -1)
                  | [potion of mutation]
 22458 | Orc:2    | Lost mutation: You are agile. (Dex +4, Str/Int -1) [potion
                  | of mutation]
 22458 | Orc:2    | Lost mutation: Your body sometimes deteriorates upon taking
                  | damage. [potion of mutation]
 22458 | Orc:2    | Lost mutation: You have hidden genetic defects. [potion of
                  | mutation]
 22458 | Orc:2    | Gained mutation: Your magical capacity is low. (-10% MP)
                  | [potion of mutation]
 22458 | Orc:2    | Gained mutation: Your body sometimes deteriorates upon
                  | taking damage. [potion of mutation]
 22458 | Orc:2    | Gained mutation: You have hidden genetic potential. [potion
                  | of mutation]
 22459 | Orc:2    | Lost mutation: Your body sometimes deteriorates upon taking
                  | damage. [potion of mutation]
 22459 | Orc:2    | Lost mutation: Your magical capacity is low. (-10% MP)
                  | [potion of mutation]
 22459 | Orc:2    | Gained mutation: Your system is resistant to poisons.
                  | (rPois) [potion of mutation]
 22459 | Orc:2    | Lost mutation: Your system is resistant to poisons. (rPois)
                  | [potion of mutation]
 22459 | Orc:2    | Gained mutation: You are agile. (Dex +4, Str/Int -1)
                  | [potion of mutation]
 22659 | Orc:2    | Found Ytugeoqe's Book Shop.
 22759 | Orc:2    | Found Yzerast's Antique Armour Boutique.
 22761 | Orc:2    | Found Jukkoixt's Antique Weapon Shop.
 22768 | Orc:2    | Bought a pair of twisted gloves for 275 gold pieces
 22768 | Orc:2    | Identified the +1 pair of gloves "Goleuma" {-Cast rN+
                  | Str+3} (You bought it in a shop on level 2 of the Orcish
                  | Mines)
 22774 | Orc:2    | Bought a steaming arbalest for 247 gold pieces
 22774 | Orc:2    | Identified the +8 arbalest of Gatoirph {freeze, rN+ rCorr
                  | Stlth+} (You bought it in a shop on level 2 of the Orcish
                  | Mines)
 23238 | D:14     | Found a gate to the Vaults.
 23844 | D:15     | Entered Level 15 of the Dungeon
 23851 | D:15     | Noticed Roxanne
 24275 | D:15     | Identified the +10 sling of Haipsit {flame, +Blink Str+4}
 24405 | D:15     | Found a staircase to the Depths.
 24732 | Elf:1    | Entered Level 1 of the Elven Halls
 25066 | Elf:1    | Reached skill level 5 in Dodging
 25350 | Elf:1    | Reached XP level 17. HP: 26/119 MP: 20/20
 25645 | Elf:1    | Gained mutation: You expend magic power (3 MP) to
                  | strengthen your wands. [hidden potential]
 25906 | Snake:1  | Entered Level 1 of the Snake Pit
 25990 | Snake:1  | Noticed Aizul
 25999 | Snake:1  | Killed Aizul
 26241 | Snake:1  | Reached skill level 16 in Fighting
 26857 | Snake:1  | Reached skill level 17 in Fighting
 27514 | Snake:2  | Identified the +4 scale mail "Vonarieno" {Int+3 Dex+7}
 27581 | Snake:2  | Reached skill level 10 in Armour
 27941 | Snake:2  | Identified the +2 robe "Iquaqatuy" {Rampage rC+ rCorr}
 28229 | Snake:2  | Noticed Vashnia
 28287 | Snake:2  | Killed Vashnia
 28591 | Snake:3  | Noticed Nikola
 28616 | Snake:3  | Killed Nikola
 28632 | Snake:3  | Reached XP level 18. HP: 138/138 MP: 19/21
 28708 | Snake:2  | Gained mutation: Your muscles are strong. (Str +4, Int/Dex
                  | -1) [hidden potential]
 28708 | Snake:2  | Lost mutation: You have hidden genetic potential. [hidden
                  | potential expressed]
 29432 | Snake:4  | Entered Level 4 of the Snake Pit
 30202 | Snake:4  | Found a shimmering altar of Xom.
 30779 | Snake:4  | Reached skill level 18 in Fighting
 30794 | Snake:4  | Got a serpentine rune of Zot
 31012 | Swamp:1  | Entered Level 1 of the Swamp
 31020 | Swamp:1  | Reached XP level 19. HP: 146/146 MP: 22/22
 31555 | Swamp:1  | Found a runed translucent door.
 31559 | Swamp:1  | Noticed freelancePsychic's ghost (journeyman MiCj)
 31587 | Swamp:1  | Killed freelancePsychic's ghost
 31614 | Swamp:1  | Identified the +7 trident "Cyudghue" {drain, Int+3}
 31802 | Swamp:2  | Reached skill level 19 in Fighting
 31906 | Swamp:2  | Identified the +6 mace of Broken Luck {flame, rElec Str+3
                  | Dex+3 SInv}
 32415 | Swamp:3  | Noticed Kirke
 32426 | Swamp:3  | Killed Kirke
 32456 | Swamp:3  | Reached skill level 20 in Fighting
 32460 | Swamp:3  | Noticed a tentacled monstrosity
 32465 | Swamp:3  | Killed a tentacled monstrosity
 32478 | Swamp:3  | Noticed Mara
 32548 | Swamp:3  | Killed Mara
 32887 | Swamp:4  | Entered Level 4 of the Swamp
 33305 | Swamp:4  | Reached XP level 20. HP: 158/158 MP: 23/23
 33378 | Swamp:4  | Got a decaying rune of Zot
 33426 | Swamp:4  | Acquired 978 gold pieces
 33683 | Swamp:4  | Found a transporter.
 33707 | Swamp:4  | Found a transporter.
 33710 | Swamp:4  | Noticed Hi5aMiFi's ghost (adept TrSh)
 34900 | Elf:2    | Found a huge runed translucent gate.
 34900 | Elf:2    | Found a huge runed translucent gate.
 34906 | Elf:2    | Found a huge runed translucent gate.
 34907 | Elf:2    | Found a huge runed translucent gate.
 34907 | Elf:2    | Found a huge runed translucent gate.
 35020 | Elf:3    | Entered Level 3 of the Elven Halls
 35142 | Elf:3    | Reached skill level 5 in Evocations
 35778 | Elf:3    | Identified the ring "Laraez" {Int+6 Dex+2}
 35820 | Elf:3    | Identified the ring of Pawuk {Fly rCorr Str+3 Dex+4 SInv}
 35860 | Elf:3    | Reached skill level 10 in Evocations
 35896 | Elf:3    | Reached XP level 21. HP: 129/164 MP: 25/25
 35896 | Elf:3    | Identified the +0 chain mail of Immorality {Rampage rF+ rC+
                  | Int-5}
 35998 | Elf:3    | Got the Anthology of the Impact
 35999 | Elf:3    | Identified the staff of Salt {rN+ Dex+5 Conj Necro}
 36091 | Elf:3    | Identified the +1 arbalest of Accidental Termination
                  | {drain, Dex+3}
 36092 | Elf:3    | Identified the +10 scale mail of Ramori {Harm Drain rElec
                  | Str+3}
 36204 | Elf:3    | Identified the +5 shortbow of Zin, Gazing {antimagic,
                  | rCorr}
 36218 | Elf:3    | Identified the +0 helmet "Behes" {Str+5}
 36502 | Vaults:1 | Entered Level 1 of the Vaults
 36649 | Vaults:1 | Found a flickering gateway to a bazaar.
 36667 | Bazaar   | Entered a bazaar
 36681 | Bazaar   | Found Addinil's Magic Scroll Shoppe.
 36681 | Bazaar   | Found Qaxtistru's General Store.
 36703 | Bazaar   | Found Jemab's Antique Armour Shoppe.
 36764 | Bazaar   | Bought a shiny plate armour for 728 gold pieces
 36812 | Bazaar   | Bought a scroll of fog for 52 gold pieces
 36812 | Bazaar   | Bought a scroll of fog for 52 gold pieces
 36812 | Bazaar   | Bought a scroll of fog for 52 gold pieces
 36812 | Bazaar   | Bought a scroll of enchant armour for 97 gold pieces
 36818 | Bazaar   | Bought a wand of light (2) for 117 gold pieces
 36818 | Bazaar   | Bought a wand of polymorph (5) for 98 gold pieces
 37013 | Vaults:1 | Reached skill level 10 in Invocations
 38035 | Vaults:2 | Found a crumbling gateway.
 38041 | Desolati | Entered the Desolation of Salt
 38170 | Desolati | Identified the +4 short sword of Spores {freeze, *Noise
                  | rPois rF+++ Dex-5}
 38176 | Desolati | Got the Spellbook of Wanderlust and the Quake
 38307 | Desolati | Reached XP level 22. HP: 172/172 MP: 29/29
 38317 | Desolati | Got the Vellum of Fluctuating Mud
 38321 | Desolati | Got the Folio of Spectres and Mud
 38462 | Desolati | Reached skill level 21 in Fighting
 38636 | Desolati | Identified the ring "Fon Poih" {rF++ AC+4 Int-5 Dex+3}
 39157 | Vaults:2 | Noticed Asterion
 39163 | Vaults:2 | Killed Asterion
 39445 | Vaults:2 | Reached skill level 22 in Fighting
 40069 | Vaults:3 | Found a staircase to the Crypt.
 40259 | Vaults:3 | Found Lulomao's Jewellery Emporium.
 40543 | Vaults:3 | Reached skill level 23 in Fighting
 41306 | Vaults:4 | Reached XP level 23. HP: 167/187 MP: 30/30
 41441 | Vaults:4 | Reached skill level 24 in Fighting
 42067 | Depths:1 | Entered Level 1 of the Depths
 42101 | Depths:1 | Reached skill level 15 in Armour
 42121 | Depths:1 | Found a gateway to Hell.
 42499 | Depths:1 | Found a stormy altar of Qazlal.
 42688 | Depths:1 | Found a one-way gate leading to the halls of Pandemonium.
 42932 | Depths:1 | Found a one-way gate to the infinite horrors of the Abyss.
 43023 | Depths:2 | Identified the ring of Jeucoi Xischa {Ice rElec Str+6 Dex-3
                  | SInv}
 43023 | Depths:2 | Noticed Josephina
 43115 | Depths:2 | Killed Josephina
 43202 | Depths:2 | Found a one-way gateway to a ziggurat.
 43563 | Depths:2 | Reached skill level 10 in Dodging
 43618 | Depths:2 | Reached XP level 24. HP: 195/195 MP: 30/30
 43696 | Depths:2 | Identified the +2 great sword of the Vaults {speed, rCorr
                  | Dex+2}
 43918 | Depths:2 | Found a viscous altar of Jiyva.
 44161 | Depths:2 | Reached skill level 15 in Shields
 44164 | Depths:2 | Found a runed translucent door.
 44511 | Depths:3 | Identified the +0 chain mail of Terror {Rampage *Corrode
                  | rElec rC+}
 44552 | Depths:3 | Identified the amulet "Oviostri" {Faith rElec Int+5 Stlth+}
 44553 | Depths:3 | Noticed a golden dragon
 44578 | Depths:3 | Killed a golden dragon
 44720 | Depths:3 | Found a flickering gateway to a bazaar.
 44729 | Bazaar   | Entered a bazaar
 44729 | Bazaar   | Found Hashur's Armour Boutique.
 44729 | Bazaar   | Found Emef's Antique Armour Shop.
 44729 | Bazaar   | Found Weiblink's Antique Weapon Shop.
 44749 | Bazaar   | Bought a warped cloak for 275 gold pieces
 44749 | Bazaar   | Identified the +0 cloak "Qiept" {Regen+ Int-5 Slay+3} (You
                  | bought it in a shop in a bazaar)
 44764 | Depths:3 | Found an ornate altar of the Wu Jian Council.
 44833 | Depths:3 | Noticed Louise
 44846 | Depths:3 | Killed Louise
 45163 | Depths:4 | Entered Level 4 of the Depths
 45167 | Depths:4 | Reached XP level 25. HP: 200/200 MP: 30/30
 45371 | Depths:4 | Found Senyurphi's Armour Shop.
 45472 | Depths:4 | Reached skill level 25 in Fighting
 45546 | Depths:4 | Found a gate to the Realm of Zot.
 45731 | Depths:4 | Found a corrupted altar of Lugonu.
 45801 | Depths:4 | Identified the +8 war axe "ETAOIN SHRDLU" {flame, Fragile
                  | Will++ Dex+3 Stlth+}
 46180 | Crypt:1  | Entered Level 1 of the Crypt
 46985 | Crypt:2  | Found a basalt altar of Yredelemnul.
 46991 | Crypt:2  | Reached skill level 26 in Fighting
 47150 | Crypt:2  | Found a basalt altar of Yredelemnul.
 47470 | Crypt:2  | Found an ancient bone altar of Kikubaaqudgha.
 47796 | Crypt:3  | Entered Level 3 of the Crypt
 48033 | Crypt:3  | Reached skill level 27 in Fighting
 48033 | Crypt:3  | Reached XP level 26. HP: 217/217 MP: 30/30
 48060 | Crypt:3  | Found a basalt altar of Yredelemnul.
 48279 | Crypt:3  | Noticed an ancient lich
 48284 | Crypt:3  | Killed an ancient lich
 48510 | Crypt:3  | Identified the +3 glaive of the Cursing Gods {holy, rC+
                  | Str-2 Int+3 Stlth+}
 48555 | Crypt:3  | Found a staircase to the Tomb.
 48597 | Crypt:3  | Identified the staff "Soqatewi" {rElec rF+ Stlth+ Fire}
 48665 | Crypt:3  | Identified the staff "Xudghit" {rPois rC+ Conj}
 48925 | Vaults:5 | Entered Level 5 of the Vaults
 48926 | Vaults:5 | Found Tusa's Antique Armour Shoppe.
 48926 | Vaults:5 | Found Joulops's General Store.
 48926 | Vaults:5 | Found Owotama's General Store.
 48973 | Vaults:5 | Bought a potion of might for 64 gold pieces
 49040 | Vaults:5 | Found Evimn's Jewellery Shop.
 49210 | Vaults:5 | Reached XP level 27. HP: 224/224 MP: 30/30
 49220 | Vaults:5 | Noticed an ancient lich
 49226 | Vaults:5 | Killed an ancient lich
 49301 | Vaults:5 | Identified the +8 arbalest of Iziur {drain, *Corrode rN+++
                  | Dex-5 SInv}
 49307 | Vaults:5 | Got the Directory of the Throng
 49313 | Vaults:5 | Got a silver rune of Zot
 49478 | Vaults:5 | Identified the +9 arbalest of Blood {flame, Will+ Str+6}
 50067 | Vaults:5 | Found Larph's Antique Armour Boutique.
 50085 | Vaults:5 | Bought a faintly humming chain mail for 370 gold pieces
 50085 | Vaults:5 | Identified the +2 chain mail "Ylue" {rN+ Dex+3} (You bought
                  | it in a shop on level 5 of the Vaults)
 50540 | Zot:1    | Entered Level 1 of the Realm of Zot
 50777 | Zot:3    | Noticed Ygyeth Femmu's ghost (veteran MiBe)
 51030 | Zot:4    | Reached skill level 15 in Dodging
 51334 | Zot:5    | Entered Level 5 of the Realm of Zot
 52382 | Zot:5    | Noticed an orb of fire
 52394 | Zot:5    | Gained mutation: You have hidden genetic defects. [an orb
                  | of fire]
 52403 | Zot:5    | Killed an orb of fire
 52423 | Zot:5    | Reached skill level 15 in Evocations
 52427 | Zot:5    | Noticed an orb of fire
 52433 | Zot:5    | Killed an orb of fire
 52445 | Zot:5    | Lost mutation: Your muscles are strong. (Str +4, Int/Dex
                  | -1) [potion of mutation]
 52445 | Zot:5    | Lost mutation: You expend magic power (3 MP) to strengthen
                  | your wands. [potion of mutation]
 52445 | Zot:5    | Gained mutation: You are weak. (Str -2) [potion of
                  | mutation]
 52446 | Zot:5    | Lost mutation: You are agile. (Dex +4, Str/Int -1) [potion
                  | of mutation]
 52446 | Zot:5    | Lost mutation: You are weak. (Str -2) [potion of mutation]
 52446 | Zot:5    | Lost mutation: You have hidden genetic defects. [potion of
                  | mutation]
 52446 | Zot:5    | Gained mutation: You have hidden genetic potential. [potion
                  | of mutation]
 52446 | Zot:5    | Gained mutation: You expend magic power (3 MP) to
                  | strengthen your wands. [potion of mutation]
 52446 | Zot:5    | Gained mutation: You occasionally lose the ability to drink
                  | potions when taking damage. [potion of mutation]
 52446 | Zot:5    | Noticed a dread lich
 52456 | Zot:5    | Killed a dread lich
 52461 | Zot:5    | Noticed an orb of fire
 52467 | Zot:5    | Killed an orb of fire
 52467 | Zot:5    | Noticed a dread lich
 52472 | Zot:5    | Killed a dread lich
 52473 | Zot:5    | Noticed a dread lich
 52474 | Zot:5    | Noticed a Killer Klown
 52479 | Zot:5    | Killed a dread lich
 52485 | Zot:5    | Noticed a dread lich
 52491 | Zot:5    | Killed a dread lich
 52514 | Zot:5    | Noticed an ancient lich
 52521 | Zot:5    | Killed an ancient lich
 52573 | Zot:5    | Noticed a Killer Klown
 52577 | Zot:5    | Killed a Killer Klown
 52600 | Zot:5    | Killed a Killer Klown
 52668 | Zot:5    | Got Wot Nekk's Mastery of Hermetics
 52833 | Zot:5    | Got the Orb of Zot
 52998 | Zot:3    | Gained mutation: You are weak. (Str -2) [a neqoxec]
 53039 | Depths:4 | Noticed Hatein the pandemonium lord
 53045 | Depths:4 | Killed Hatein the pandemonium lord
 53254 | D:14     | Noticed Zamots the pandemonium lord
 53569 | D:$      | Escaped with the Orb!

Illustrated notes

Levels and vault maps discovered:
D:1:      eino_arrival_water_cross, layout_basic, minmay_vboxes
D:2:      layout_rooms, uniq_jessica
D:3:      layout_loops_ring, mainiacjoe_overflow_surrounded_room, serial_shops,
          nicolae_shop_hallway_stairs, roderic_roman_lattice
D:4:      layout_basic, minmay_crystal_water, due_unseen_surprise, uniq_robin
D:5:      layout_loops_ring
D:6:      layout_loops_ring, nicolae_hepliaklqana_hazy_memory,
          minmay_temple_entry_nine_rooms, uniq_sigmund, uniq_eustachio
D:7:      layout_loops_cross, serial_demonic, serial_demonic_a,
          serial_demonic_f, serial_demonic_e, serial_demonic_a, serial_shops,
          shop, st_stairs_14, dreamdust_gnoll_shepherd
D:8:      layout_cave_pods, erik_lair_orcish_takeover, enter_bailey_5,
          chequers_serial_rivers_small_b, dk_noncrumbling_4,
          minmay_shattered_shrine, uniq_psyche, uniq_erica, uniq_grum,
          uniq_maggie
D:9:      hellmonk_destroyed_diamonds, layout_irregular_city,
          minmay_pinched_square
D:10:     minmay_bubble_buster, layout_loops_ring, grunt_temple_overflow_open,
          nicolae_sif_muna_condensation, orc_0_dummy
D:11:     layout_long_grid, grunt_gozag_statues
D:12:     wander_river, layout_irregular_city, kennysheep_generic_room_6
D:13:     layout_layer_cave
D:14:     layout_gridville, lightli_vaults_fourway_checkpoint,
          minmay_misc_feat_four_crosses
D:15:     gammafunk_depths_entry_grave, layout_gridville, grunt_decor_junction,
          eino_small_chamber_without_monster, uniq_roxanne
Lair:1:   layout_chaotic_city
Lair:2:   layout_chaotic_city, nicolae_swamp_entry_splash_gauntlet,
          minmay_snake_entry_spellcaster, nicolae_quartered_pool_little,
          uniq_harold
Lair:3:   layout_roguey, infiniplex_staircase_pool_2
Lair:4:   layout_hall_layers
Lair:5:   minmay_lair_end_enchanted_forest, layout_layer_cave,
          nicolae_slime_entry_field_trip, ebering_ghost_reflecting_pool,
          grunt_megastairs_2, lemuel_fruit_tree
Swamp:1:  layout_basic_swamp, gammafunk_ghost_grave, evilmike_swamp_ruin_house_5
Swamp:2:  layout_basic_swamp, nicolae_swamp_bean_lake, swamp_pool4
Swamp:3:  layout_basic_swamp, serial_swamp_ruin, evilmike_swamp_ruin_house_2,
          evilmike_swamp_ruin_house_4, evilmike_swamp_ruin_house_6, uniq_mara,
          uniq_kirke
Swamp:4:  nzn_swamp_witches_coven, layout_basic_swamp,
          gammafunk_ghost_berserking_beasts, swamp_pool1,
          nicolae_swamp_necromancer_hut
Snake:1:  layout_onion, serial_bayou_lagoon_b, grunt_megastairs_5, uniq_aizul
Snake:2:  layout_cave_shapes, nicolae_snake_biting_tails,
          nicolae_snake_salamander_fort, serial_bayou_shore_a, uniq_vashnia
Snake:3:  layout_misc_corridors, grunt_ministairs_10, uniq_nikola
Snake:4:  grunt_snake_rune_pools, layout_basic, basic_altar, grunt_ministairs_13
Orc:1:    layout_caves, serial_shops, nicolae_diamond_shop,
          hangedman_minor_magic
Orc:2:    grunt_orc_community_town_hall, layout_caves,
          grunt_orc_community_big_house_1, grunt_orc_community_big_house_1,
          grunt_orc_community_house_3, grunt_orc_community_house_2,
          grunt_orc_community_house_3, grunt_orc_community_house_1,
          grunt_orc_community_house_2, grunt_orc_community_house_2
Elf:1:    nicolae_elf_arrival_fired_up, layout_gridlike, minivault_28
Elf:2:    elven_hall_of_blades_hangedman_alternative
          [nicolae_vaults_blade_armed_guards], layout_onion_city,
          palyth_stone_intersect, nrook_loot_triangle, minivault_25_ag
Elf:3:    grunt_elf_hall_branching, layout_gridlike, minmay_misc_feat_cross,
          minivault_11, lemuel_statue_altar
Vaults:1: nicolae_vaults_diagonal_hallway_9, grunt_vaults_trifunnel,
          nicolae_vaults_storage_closets_3, nicolae_vaults_oval_intersection,
          vaults_room_octagon, nicolae_vaults_shrinking_rooms_2,
          dpeg_vaults_monster_box, nicolae_vaults_wrenched,
          hangedman_vaults_capsules, nicolae_vaults_murder_corner,
          vaults_room_pools, nicolae_vaults_trapezoid_lopsided_1,
          layout_vaults_ring, serial_shops, bzr_entry_lakeside
Vaults:2: portal_desolation_entry_nicolae_nacl, ontoclasm_vaults_bender,
          nicolae_vaults_octothorpe, nicolae_vaults_weapon_check,
          nicolae_vaults_house_1, grunt_vaults_hallway_short,
          nicolae_vaults_diamond_2, v_misc_10, nicolae_vaults_mini_display_case,
          layout_vaults_omnigrid, uniq_asterion
Vaults:3: st_lattice, grunt_vaults_bifocal, nicolae_vaults_wine_cellar,
          nicolae_vaults_hexular_roomagon, v_misc_5, nicolae_vaults_trapezoid_1,
          hangedman_vaults_restitches, vaults_dpeg_hooks,
          layout_vaults_chaotic_city, serial_shops, nicolae_shop_gaudy_bauble
Vaults:4: v_misc_24, nicolae_vaults_sesquioval_fish, v_misc_16,
          nicolae_vaults_big_ls, nicolae_vaults_twisting_passages,
          hangedman_vaults_corner, hangedman_vaults_unwind,
          ontoclasm_vaults_spin, nicolae_vaults_diagonal_hallway_6,
          nicolae_vaults_shipping_containers_7, vaults_room_grid,
          ontoclasm_vaults_gateway, layout_vaults_omnibox
Vaults:5: serial_shops
Crypt:1:  layout_chaotic_city, hellmonk_scarab_ruin,
          grunt_crypt_arrival_guarded_gate, uniq_grunn
Crypt:2:  layout_chaotic_city, basic_altar, hangedman_crypt_dual_shrines
Crypt:3:  grunt_crypt_end_deaths_head
Depths:1: layout_cave_shapes, rand_demon_pan_entry_3,
          pf_vacation_house_of_asmodeus, nicolae_triple_integral,
          abyss_entry_crystal, nicolae_qazlal_general_emergency
Depths:2: evilmike_diamond_2, layout_gridville, enter_ziggurat_a, special_room
          [special_room_jelly], rand_demon_pan_entry_7, hell_entry,
          chequers_serial_rivers_room_b, wad_hexagon, uniq_josephina
Depths:3: grunt_crosshair, layout_gridville, serial_shops, freezing_bzr,
          grunt_pan_entry_zigzag, nicolae_abyss_entry_one_way_or_another,
          hell_entry, nzn_wu_jian_contemplation, minmay_staircase_bubble
Depths:4: evilmike_zot_entry_hall, layout_cave_pools, lightli_too_deep,
          reono_crystal_passage, serial_shops, nicolae_square_shop,
          abyss_entry_flame_altar, grunt_ministairs_1
Zot:1:    layout_gridville, lemuel_baited_zot_trap,
          hangedman_zot_decor_checkerboard
Zot:2:    layout_concentric_octagons, ebering_ghost_disaster_area
Zot:3:    layout_onion, hellmonk_ghost_big_iron, hellmonk_zot_clocked
Zot:4:    lemuel_acid_trip, layout_cathedral_of_symmetry, grunt_ministairs_6
Zot:5:    layout_basic

Skill      XL: |  1  2  3  4  5  6  7  8  9 10 11 12 13 14 15 16 17 18 19 20 21 22 23 24 25 26 27 |
---------------+----------------------------------------------------------------------------------+-----
Axes           | 4 5 6 7 8 10 12 14 16 17 18 20 21 22 24 | 24.2
Fighting       | 2 4 5 8 10 11 12 15 17 18 20 23 24 27 | 27.0
Ranged Weapons | 3 4 |  4.9
Throwing       | 2 |  2.0
Armour         | 5 8 10 13 16 18 22 | 22.0
Invocations    | 5 10 | 10.0
Shields        | 6 14 18 20 | 20.0
Dodging        | 5 8 10 12 15 | 15.0
Evocations     | 10 14 18 | 18.0
Stealth        | |  1.2

Action                     |  1- 3 |  4- 6 |  7- 9 | 10-12 | 13-15 | 16-18 | 19-21 | 22-24 | 25-27 || total
---------------------------+-------+-------+-------+-------+-------+-------+-------+-------+-------++-------
  Melee: Hand axe          |   111 |   180 |   155 |   124 |       |       |       |       |       ||   570
         Punch             |     2 |     2 |     2 |     5 |     9 |       |       |       |       ||    20
         War axe           |       |       |    30 |       |       |       |       |       |       ||    30
         Broad axe         |       |       |       |   198 |   210 |       |       |       |       ||   408
         Executioner's axe |       |       |       |       |   410 |   736 |   739 |   834 |  1271 ||  3990
         Scimitar          |       |       |       |       |    20 |     2 |     2 |       |       ||    24
   Fire: Sling             |       |     5 |    99 |     2 |       |       |       |       |       ||   106
  Throw: Dart              |       |     1 |     1 |    25 |     7 |       |       |       |     3 ||    37
         Boomerang         |       |       |       |       |       |       |       |       |     1 ||     1
 Invoke: Recall Ancestor   |       |       |     1 |     9 |     5 |     7 |     6 |     1 |    10 ||    39
         Ancestor Identity |       |       |     1 |       |       |       |       |       |       ||     1
         Ancestor Life: Ba |       |       |       |     1 |       |       |       |       |       ||     1
         Transference      |       |       |       |     1 |       |       |     1 |       |     1 ||     3
         Idealise          |       |       |       |       |     1 |     3 |     1 |     3 |     3 ||    11
Ability: Shaft Self        |       |       |       |     1 |       |       |       |       |       ||     1
         Dig               |       |       |       |     1 |     2 |     4 |     1 |     1 |     2 ||    11
  Evoke: Wand              |       |       |    15 |     4 |       |     4 |     4 |     7 |    13 ||    47
         Lightning rod     |       |       |       |       |       |       |       |     3 |       ||     3
    Use: Scroll            |       |     3 |    13 |     8 |    13 |       |     7 |     2 |    11 ||    57
         Potion            |       |     1 |     2 |     3 |     2 |     5 |       |       |     8 ||    21
   Stab: Sleeping          |     5 |     3 |       |     1 |       |       |       |       |       ||     9
         Invisible         |       |       |       |     4 |    22 |       |       |     1 |    10 ||    37
         Distracted        |       |       |       |     7 |    21 |    25 |    41 |    37 |    44 ||   175
         Paralysed         |       |       |       |     2 |       |       |       |       |       ||     2
 Armour: Leather armour    |    21 |       |       |       |       |       |       |       |       ||    21
         Ring mail         |    31 |   100 |   147 |   136 |       |       |       |       |       ||   414
         Plate armour      |       |     2 |       |    20 |   674 |   355 |   115 |   408 |    81 ||  1655
         Swamp dragon scal |       |       |       |   127 |       |       |       |       |       ||   127
         Scale mail        |       |       |       |       |       |   111 |   218 |       |       ||   329
         Gold dragon scale |       |       |       |       |       |       |       |       |   525 ||   525
  Dodge: Dodged            |    54 |    95 |   111 |   179 |   165 |   258 |   288 |   263 |   360 ||  1773
  Block: Kite shield       |       |       |       |       |   115 |   607 |   461 |   449 |   719 ||  2351
         Buckler           |       |       |       |       |    44 |       |       |       |       ||    44

Table legend: (Time is in decaauts)
 A = Elapsed time spent in this place.
 B = Non-inter-level travel time spent in this place.
 C = Inter-level travel time spent in this place.
 D = Time resting spent in this place.
 E = Time spent auto-exploring this place.
 F = Levels seen in this place.
 G = Mean time per level.
                   A        B        C        D        E       F      G
               +--------+--------+--------+--------+--------+-----+--------+
         Total |  53121 |  48637 |   4484 |   9388 |  25331 |  54 |  983.7 |
       Dungeon |  17634 |  15905 |   1729 |   3939 |   8347 |  15 | 1175.6 |
          Lair |   6078 |   5646 |    432 |   1565 |   3104 |   5 | 1215.6 |
         Swamp |   3061 |   2898 |    163 |    463 |   1473 |   4 |  765.2 |
     Snake Pit |   5029 |   4785 |    244 |    902 |   2300 |   4 | 1257.2 |
  Orcish Mines |   1386 |   1263 |    123 |     16 |    702 |   2 |  693.0 |
   Elven Halls |   3217 |   2959 |    258 |    315 |   1893 |   3 | 1072.3 |
        Vaults |   6174 |   5443 |    731 |    288 |   3524 |   5 | 1234.8 |
         Crypt |   2574 |   2450 |    124 |    177 |   1475 |   3 |  858.0 |
        Depths |   3860 |   3314 |    546 |    432 |   1841 |   4 |  965.0 |
           Zot |   2339 |   2208 |    131 |    526 |    358 |   5 |  467.8 |
        Bazaar |    223 |    223 |      0 |     18 |     73 |   2 |  111.5 |
        Bailey |    891 |    891 |      0 |    617 |      0 |   1 |  891.0 |
    Desolation |    649 |    649 |      0 |    128 |    239 |   1 |  649.0 |
               +--------+--------+--------+--------+--------+-----+--------+

Top non-repeatable levels by time:
  Lair:5: 1921 daAuts
    D:11: 1846 daAuts
     D:8: 1796 daAuts
  Lair:2: 1703 daAuts
Depths:2: 1547 daAuts
    D:13: 1529 daAuts
   Zot:5: 1525 daAuts
 Snake:2: 1471 daAuts
 Snake:1: 1440 daAuts
 Snake:4: 1419 daAuts
     D:9: 1363 daAuts
Vaults:1: 1324 daAuts
     D:6: 1272 daAuts
Vaults:5: 1268 daAuts
    D:14: 1265 daAuts
